 Dungeon Crawl Stone Soup version 0.31-a0-166-g46f44d267d (webtiles) character file.

Game seed: 15883058881577622713

290 qw the Chopper (level 6, -4/38 HPs)
             Began as a Gargoyle Fighter on June 13, 2023.
             Engulfed by a steam dragon's steam (6 damage)
             ... on level 5 of the Dungeon.
             The game lasted 00:01:46 (3146 turns).

qw the Chopper (Gargoyle Fighter)                   Turns: 3146, Time: 00:01:47

Health: -4/38      AC: 15    Str: 25    XL:     6   Next: 32%
Magic:  6/6        EV:  8    Int: 12    God:
Gold:   177        SH:  4    Dex:  9    Spells: 5/5 levels left

rFire   . . .        e - +0 war axe (vamp)
rCold   + . .        c - +0 buckler
rNeg    + + .        n - +0 chain mail
rPois   inf          q - +2 hat "Cyonab" {rN+ Str+4 Int+3}
rElec   +            (no cloak)
rCorr   +            (no gloves)
SInv    .            (no boots)
Will    .....        (no amulet) Stlth
                     i - ring of protection from cold
HPRegen 0.26/turn    p - ring of resist corrosion
MPRegen 0.10/turn

%: no passive effects
@: about to teleport, very slow
A: sickness immunity, AC +4, negative energy resistance 1, electricity
resistance, torment resistance 1, petrification resistance
a: no special abilities


You were on level 5 of the Dungeon.
You visited 1 branch of the dungeon, and saw 5 of its levels.

You collected 177 gold pieces.


Innate Abilities, Weirdness & Mutations

You are immune to sickness and miasma.
Your stone body is resilient. (AC +4)
You are immune to poison.
You resist negative energy. (rN+)
You are resistant to electric shocks. (rElec)
You are resistant to unholy torment.
You are immune to petrification.


   Skills:
 - Level 4.0 Fighting
 + Level 5.6 Axes
 - Level 3.2 Armour
 - Level 3.2 Shields


You had 5 spell levels left.
You didn't know any spells.
Your spell library was empty.

Inventory:

Hand Weapons
 a - a +0 hand axe
 e - a +0 vampiric war axe (weapon)
 m - a +0 flail
Armour
 c - a +0 buckler (worn)
 n - a +0 chain mail (worn)
 q - the +2 hat "Cyonab" (worn) {rN+ Str+4 Int+3}
   (You found it on level 4 of the Dungeon)

   Str:       It affects your strength (+4).
   Int:       It affects your intelligence (+3).
   rN:        It protects you from negative energy.
Jewellery
 i - a ring of protection from cold (left hand)
 p - a ring of resist corrosion (right hand)
Scrolls
 g - 3 scrolls of teleportation
 l - a scroll of identify
Potions
 d - a potion of might
 f - 4 potions of curing
 h - a potion of haste
 j - a potion of heal wounds {unknown}
 k - a potion of degeneration {unknown}
 r - a potion of invisibility {unknown}

Dungeon Overview and Level Annotations

Branches:
Dungeon (5/15)
 Temple: D:4-7

Altars:
Fedhas


Message History

You enter the shallow water.
Moving in this stuff is going to be slow.
You barely miss the steam dragon. The steam dragon bites you.
The steam dragon barely misses you.
Your unstable footing causes you to fumble your attack.
You block the steam dragon's attack. The steam dragon barely misses you.
You slash the steam dragon!
The steam dragon is moderately wounded.
The steam dragon bites you. The steam dragon claws you.
The steam dragon bites you but does no damage.
The steam dragon claws you but does no damage.
You hit the steam dragon but do no damage.
The steam dragon is moderately wounded.
The steam dragon breathes steam at you. The ball of steam hits you!
Your unstable footing causes you to fumble your attack.
You are engulfed in a cloud of scalding steam.
You block the steam dragon's attack.
The steam dragon claws you but does no damage.
You closely miss the steam dragon.
The steam dragon is moderately wounded.
You are engulfed in a cloud of scalding steam.
The steam dragon closely misses you. You block the steam dragon's attack.
The steam dragon bites you but does no damage.
The steam dragon claws you but does no damage.
3143 ||| READING 4 scrolls of teleportation.
As you read the scroll of teleportation, it crumbles to dust.
You feel strangely unstable.
You are engulfed in a cloud of scalding steam.
The steam dragon closely misses you. The steam dragon barely misses you.
Your unstable footing causes you to fumble your attack.
You block the steam dragon's attack.
The steam dragon claws you but does no damage.
You closely miss the steam dragon.
The steam dragon is moderately wounded.
The steam dragon breathes steam at you. The ball of steam hits you!
Your unstable footing causes you to fumble your attack.
You are engulfed in a cloud of scalding steam.
You die...

...### #.# .....#
#.# ...#.## #.# ##
......# ### .#
...#'## .. ##)#.#
#. #..#.# #~
#.##~#S #D##
...#~##~ #~@#
#.###~##########.##
#.# #~##~~~.. #..#
#.# #~#S~$~.. +#.#
#.# #.#S..... #~#
#.# #%#~~)~P. #~#
... #.##~./.. ##~#
##.########.##
##~~~~....##


You could see a steam dragon (catching breath).

Vanquished Creatures
  4 hounds
  A jelly (D:4)
  An iguana (D:5)
  3 adders
  An ufetubus (D:4)
  3 worms
  3 dart slugs
  An orc (D:2)
  6 endoplasms
  4 giant cockroaches
  5 goblins
  4 hobgoblins
  5 jackals (D:2)
  4 kobolds
  3 quokkas
  6 ball pythons
  9 bats
  A frilled lizard (D:2)
  8 rats
72 creatures vanquished.

Notes
Turn   | Place    | Note
-------+----------+-------------------------------------------
     0 | D:1      | qw the Gargoyle Fighter began the quest for the Orb.
     0 | D:1      | Reached XP level 1. HP: 14/14 MP: 1/1
     0 | D:1      | 0 ||| qw: Version: 0.2-a-29-gc1b59c4
     0 | D:1      | 0 ||| qw: Game counter: 4825
     0 | D:1      | 0 ||| qw: Always use a shield: true
     0 | D:1      | 0 ||| qw: God list: Okawaru
     0 | D:1      | 0 ||| qw: Allow faded altars: false
     0 | D:1      | 0 ||| qw: Do Orc after D:15 true
     0 | D:1      | 0 ||| qw: Do second Lair branch before Depths: true
     0 | D:1      | 0 ||| qw: Lair rune preference: random
     0 | D:1      | 0 ||| qw: Plans: Normal, Zot:1-4, Slime:5, God:TSO, Crypt,
                  | Tomb, Abyss, Pan, Hells, Win
     0 | D:1      | 0 ||| PLANNING D:1-11
    78 | D:1      | Reached skill level 2 in Axes
   218 | D:1      | 218 ||| Stepping ~*~*~tactically~*~*~ (stealth).
   219 | D:1      | 219 ||| Stepping ~*~*~tactically~*~*~ (stealth).
   251 | D:1      | 251 ||| Stepping ~*~*~tactically~*~*~ (hiding).
   252 | D:1      | 252 ||| Stepping ~*~*~tactically~*~*~ (hiding).
   253 | D:1      | 253 ||| Stepping ~*~*~tactically~*~*~ (hiding).
   360 | D:1      | 360 ||| DROPPING +0 club.
   407 | D:1      | Reached XP level 2. HP: 19/19 MP: 2/2
   934 | D:1      | 934 ||| DROPPING ring of flight.
   935 | D:1      | 935 ||| READING scroll labelled WEEPETO KYUS.
   936 | D:1      | 936 ||| READING scroll labelled UHAGOAFY XUEGH.
   937 | D:1      | 937 ||| READING scroll labelled OTYOWE FUETHRO.
   977 | D:2      | 977 ||| STAIRDANCE
   995 | D:1      | Reached skill level 3 in Axes
   995 | D:1      | Reached XP level 3. HP: 23/23 MP: 3/3
  1051 | D:2      | 1051 ||| Stepping ~*~*~tactically~*~*~ (stealth).
  1052 | D:2      | 1052 ||| Stepping ~*~*~tactically~*~*~ (stealth).
  1123 | D:2      | 1123 ||| DROPPING +0 whip.
  1134 | D:2      | 1134 ||| Stepping ~*~*~tactically~*~*~ (stealth).
  1432 | D:2      | 1432 ||| DROPPING +0 mace.
  1543 | D:2      | Reached XP level 4. HP: 28/28 MP: 4/4
  1651 | D:2      | 1651 ||| UPGRADING to +0 chain mail.
  1661 | D:2      | 1661 ||| DROPPING +0 scale mail.
  1662 | D:2      | 1662 ||| UPGRADING to ring of protection from cold.
  1663 | D:2      | 1663 ||| READING 3 scrolls labelled BOATUT YHUFON.
  1667 | D:2      | 1667 ||| READING scroll labelled ATURIROJOBB.
  1668 | D:2      | 1668 ||| READING scroll labelled PEUNOI WAHO.
  1669 | D:2      | 1669 ||| READING 2 scrolls labelled YCWIONTERAS.
  1670 | D:2      | 1670 ||| READING scroll labelled ROTHRU LUPSIL.
  1671 | D:2      | 1671 ||| DRINKING 2 fizzy inky potions.
  1852 | D:3      | Reached skill level 4 in Axes
  1979 | D:3      | 1979 ||| Stepping ~*~*~tactically~*~*~ (hiding).
  1980 | D:3      | 1980 ||| Stepping ~*~*~tactically~*~*~ (hiding).
  2184 | D:3      | Found a blossoming altar of Fedhas.
  2275 | D:3      | Reached XP level 5. HP: 32/32 MP: 5/5
  2340 | D:3      | 2340 ||| READING scroll labelled BOGRE ANIBE.
  2429 | D:4      | 2429 ||| Stepping ~*~*~tactically~*~*~ (stealth).
  2548 | D:4      | Reached skill level 5 in Axes
  2773 | D:4      | Reached XP level 6. HP: 38/38 MP: 6/6
  2781 | D:4      | Identified the +2 hat "Cyonab" {rN+ Str+4 Int+3}
  2974 | D:4      | 2974 ||| UPGRADING to +2 hat "Cyonab" {rN+ Str+4 Int+3}.
  2979 | D:4      | 2979 ||| UPGRADING to ring of resist corrosion.
  2980 | D:4      | 2980 ||| READING scroll labelled HAZOAS WET UVU.
  2981 | D:4      | 2981 ||| READING 3 scrolls of identify.
  2981 | D:4      | 2981 ||| IDENTIFYING ruby potion
  2982 | D:4      | 2982 ||| READING 2 scrolls of identify.
  2982 | D:4      | 2982 ||| IDENTIFYING green potion
  2983 | D:4      | 2983 ||| DROPPING potion of enlightenment.
  2996 | D:5      | Entered Level 5 of the Dungeon
  3001 | D:5      | 3001 ||| STAIRDANCE
  3133 | D:5      | Noticed a steam dragon
  3142 | D:5      | HP: 9/38 [steam dragon] (6)]
  3143 | D:5      | 3143 ||| READING 4 scrolls of teleportation.
  3145 | D:5      | HP: 2/38 [steam dragon/ball of steam (8)]
  3146 | D:5      | Engulfed by a steam dragon's steam

Levels and vault maps discovered:
D:1:      wander_arrival_lonely_grave, layout_loops_corners,
          ebering_dispersal_statue_hall
D:2:      layout_rooms, columned_hall_lemuel, nicolae_the_louvre
D:3:      layout_basic, fedhas_altar_4
D:4:      layout_basic
D:5:      cheibrodos_two_vegetables, layout_rooms,
          minmay_hollow_rounded_squares, uniq_duvessa

Skill      XL: |  1  2  3  4  5 |
---------------+----------------+-----
Axes           | 2 3 4 5 |  5.6
Fighting       | 4 |  4.0
Armour         | |  3.2
Shields        | |  3.2

Action                     |  1- 3 |  4- 6 || total
---------------------------+-------+-------++-------
  Melee: War axe           |   142 |   118 ||   260
    Use: Scroll            |     3 |    10 ||    13
         Potion            |       |     1 ||     1
 Armour: Scale mail        |    93 |     1 ||    94
         Chain mail        |       |    79 ||    79
  Dodge: Dodged            |    65 |    50 ||   115
  Block: Buckler           |    21 |    19 ||    40

Table legend:
 A = Non-vault XP
 B = Vault XP
 C = Vault XP percentage of total XP
 D = Non-vault monster count
 E = Vault monster count
 F = Vault count percentage of total count
                 A         B        C        D         E       F
            +---------+---------+-------+---------+---------+-------
      Total |     378 |      37 |   8.9 |      70 |       2 |   2.8
            +---------+---------+-------+---------+---------+-------
        D:1 |      37 |       0 |   0.0 |      16 |       0 |   0.0
        D:2 |      49 |       0 |   0.0 |      25 |       0 |   0.0
        D:3 |      80 |       0 |   0.0 |      15 |       0 |   0.0
        D:4 |     199 |       0 |   0.0 |      13 |       0 |   0.0
        D:5 |      13 |      37 |  74.0 |       1 |       2 |  66.7
            +---------+---------+-------+---------+---------+-------
